[ PARTIDA AOE2 · #495966766 ]
UnrankedIndostaníes vs Portuguese
Equipo del jugador · VICT
Equipo rival · DERR
[ ANÁLISIS DE REPETICIÓN · EXTRAÍDO DE LA PARTIDA GRABADA ]
Feudal
11:21
Castillos
16:31
Imperial
30:04
| APM promedio | 55.1 |
| APM pico | 92 |
| eAPM promedio | 26.1 |
| Aldeanos / militares | 138 / 105 |
Foco
⚔️ 27.9% · 🌾 72.1%
Scout Cavalry ×64 · Hand Cannoneer ×32 · Trebuchet (Packed) ×6 · Monk ×2 · Scorpion ×1
Feudal
8:54
Castillos
16:02
Imperial
34:17
| APM promedio | 45.4 |
| APM pico | 105 |
| eAPM promedio | 24.3 |
| Aldeanos / militares | 155 / 110 |
Foco
⚔️ 28.8% · 🌾 71.2%
Organ Gun ×46 · Spearman ×44 · Monk ×9 · Trebuchet (Packed) ×5 · Archer ×3 · Mangonel ×1
Mapa de la partida
Recursos iniciales + cada clic de construcción. Líneas = muros · curvas = relieve. ◆ oro · ⬟ piedra · ● bayas · ✦ reliquia · ◌ hueco del cierre
Tu base· ✓ Cerrada en 16:31 · 37t muro · sin puerta
Base de SneakySalmon· ✓ Cerrada en 16:02 · 22t muro · sin puerta
Terreno inicial suavizado · ◌ = hueco del cierre detectado · pasá el cursor para detalles
Inputs por minuto
— Ronin - - SneakySalmon
Build order — Ronin
Primeras 150 de 461 acciones detectadas
| 0:01 | Crear | Villager (Male) |
| 0:01 | Crear | Villager (Male) |
| 0:01 | Crear | Villager (Male) |
| 0:02 | Construir | House |
| 0:03 | Construir | House |
| 0:17 | Crear | Villager (Male) |
| 1:21 | Crear | Villager (Male) |
| 1:30 | Crear | Villager (Male) |
| 1:55 | Construir | Lumber Camp |
| 2:03 | Crear | Villager (Male) |
| 2:17 | Crear | Villager (Male) |
| 2:48 | Crear | Villager (Male) |
| 3:13 | Crear | Villager (Male) |
| 3:13 | Crear | Villager (Male) |
| 3:50 | Construir | House |
| 3:51 | Construir | House |
| 3:55 | Construir | House |
| 4:10 | Crear | Villager (Male) |
| 4:23 | Crear | Villager (Male) |
| 4:39 | Construir | Palisade Wall |
| 4:51 | Crear | Villager (Male) |
| 5:19 | Crear | Villager (Male) |
| 5:28 | Crear | Villager (Male) |
| 6:11 | Crear | Villager (Male) |
| 6:17 | Investigar | Loom |
| 6:21 | Construir | Mill |
| 6:51 | Construir | Palisade Wall |
| 6:54 | Crear | Villager (Male) |
| 7:03 | Construir | Palisade Wall |
| 7:05 | Construir | Palisade Wall |
| 7:08 | Crear | Villager (Male) |
| 7:17 | Construir | Mill |
| 7:29 | Construir | Palisade Wall |
| 7:30 | Construir | Palisade Wall |
| 7:32 | Construir | Palisade Wall |
| 7:49 | Crear | Villager (Male) |
| 8:04 | Crear | Villager (Male) |
| 8:27 | Construir | Mining Camp |
| 8:36 | Construir | House |
| 8:44 | Crear | Villager (Male) |
| 8:45 | Investigar | Feudal Age |
| 9:30 | Construir | Barracks |
| 10:37 | Crear | Villager (Male) |
| 11:21 | Edad | Edad Feudal |
| 11:28 | Construir | Market |
| 11:32 | Construir | Blacksmith |
| 11:42 | Crear | Villager (Male) |
| 11:55 | Construir | Farm |
| 11:56 | Construir | Farm |
| 12:00 | Construir | Watch Tower |
| 12:33 | Construir | Farm |
| 12:38 | Construir | Farm |
| 12:44 | Crear | Villager (Male) |
| 12:48 | Construir | Farm |
| 13:18 | Construir | Farm |
| 13:36 | Construir | House |
| 13:42 | Construir | Farm |
| 13:51 | Investigar | Castle Age |
| 14:07 | Construir | House |
| 14:24 | Construir | House |
| 14:27 | Construir | Farm |
| 14:44 | Construir | Palisade Wall |
| 15:03 | Construir | Farm |
| 15:33 | Investigar | Double-Bit Axe |
| 15:33 | Investigar | Double-Bit Axe |
| 15:34 | Investigar | Horse Collar |
| 15:34 | Investigar | Horse Collar |
| 16:03 | Crear | Villager (Male) |
| 16:31 | Edad | Edad de los Castillos |
| 16:33 | Construir | House |
| 16:41 | Construir | Town Center |
| 16:47 | Crear | Villager (Male) |
| 17:00 | Construir | House |
| 17:10 | Crear | Villager (Male) |
| 17:25 | Construir | Siege Workshop |
| 17:30 | Crear | Villager (Male) |
| 17:37 | Construir | House |
| 17:40 | Construir | House |
| 17:41 | Construir | House |
| 17:53 | Construir | Farm |
| 18:04 | Crear | Scorpion |
| 18:12 | Crear | Villager (Male) |
| 18:12 | Crear | Villager (Male) |
| 18:17 | Crear | Villager (Male) |
| 18:17 | Crear | Villager (Male) |
| 18:21 | Construir | Farm |
| 18:34 | Construir | Farm |
| 18:42 | Crear | Villager (Male) |
| 18:53 | Investigar | Wheelbarrow |
| 18:54 | Investigar | Wheelbarrow |
| 19:05 | Crear | Villager (Male) |
| 19:11 | Construir | Farm |
| 19:17 | Crear | Villager (Male) |
| 19:41 | Crear | Villager (Male) |
| 19:52 | Construir | Town Center |
| 19:54 | Crear | Villager (Male) |
| 20:01 | Construir | Farm |
| 20:23 | Investigar | Bow Saw |
| 20:25 | Crear | Villager (Male) |
| 20:30 | Construir | Palisade Wall |
| 20:33 | Construir | Palisade Wall |
| 20:33 | Construir | Palisade Wall |
| 20:35 | Crear | Villager (Male) |
| 20:52 | Investigar | Hand Cart |
| 20:54 | Crear | Villager (Male) |
| 21:02 | Construir | Farm |
| 21:12 | Crear | Villager (Male) |
| 21:15 | Crear | Villager (Male) |
| 21:17 | Crear | Villager (Male) |
| 21:17 | Crear | Villager (Male) |
| 21:19 | Construir | Farm |
| 21:21 | Construir | Farm |
| 21:40 | Construir | Lumber Camp |
| 21:53 | Crear | Villager (Male) |
| 21:57 | Construir | Lumber Camp |
| 22:01 | Crear | Villager (Male) |
| 22:08 | Construir | Farm |
| 22:14 | Crear | Villager (Male) |
| 22:17 | Crear | Villager (Male) |
| 22:20 | Crear | Villager (Male) |
| 22:25 | Construir | Farm |
| 22:34 | Investigar | Heavy Plow |
| 22:43 | Crear | Villager (Male) |
| 22:44 | Crear | Villager (Male) |
| 22:46 | Crear | Villager (Male) |
| 23:09 | Crear | Villager (Male) |
| 23:10 | Crear | Villager (Male) |
| 23:14 | Construir | Farm |
| 23:14 | Construir | Farm |
| 23:17 | Crear | Villager (Male) |
| 23:20 | Construir | Farm |
| 23:21 | Construir | Farm |
| 23:24 | Crear | Villager (Male) |
| 23:25 | Crear | Villager (Male) |
| 23:37 | Construir | Farm |
| 23:39 | Crear | Villager (Male) |
| 23:42 | Construir | Farm |
| 23:46 | Crear | Villager (Male) |
| 23:51 | Construir | Farm |
| 23:54 | Construir | Mill |
| 23:57 | Crear | Villager (Male) |
| 24:06 | Construir | Farm |
| 24:07 | Construir | Farm |
| 24:10 | Crear | Villager (Male) |
| 24:14 | Crear | Villager (Male) |
| 24:14 | Crear | Villager (Male) |
| 24:16 | Crear | Villager (Male) |
| 24:20 | Construir | Mining Camp |
| 24:33 | Construir | House |
| 24:33 | Construir | House |
Build order — SneakySalmon
Primeras 150 de 404 acciones detectadas
| 0:00 | Crear | Villager (Male) |
| 0:01 | Crear | Villager (Male) |
| 0:01 | Crear | Villager (Male) |
| 0:01 | Crear | Villager (Male) |
| 0:02 | Crear | Villager (Male) |
| 0:03 | Construir | House |
| 0:04 | Construir | House |
| 1:25 | Crear | Villager (Male) |
| 1:25 | Crear | Villager (Male) |
| 1:56 | Construir | Mill |
| 1:59 | Crear | Villager (Male) |
| 2:18 | Crear | Villager (Male) |
| 2:47 | Crear | Villager (Male) |
| 3:12 | Crear | Villager (Male) |
| 3:12 | Crear | Villager (Male) |
| 3:35 | Crear | Villager (Male) |
| 3:39 | Construir | House |
| 3:52 | Crear | Villager (Male) |
| 4:25 | Crear | Villager (Male) |
| 4:25 | Crear | Villager (Male) |
| 4:36 | Construir | Lumber Camp |
| 4:59 | Crear | Villager (Male) |
| 4:59 | Crear | Villager (Male) |
| 5:34 | Construir | House |
| 5:45 | Crear | Villager (Male) |
| 6:15 | Crear | Villager (Male) |
| 6:44 | Investigar | Feudal Age |
| 7:18 | Construir | Barracks |
| 7:54 | Construir | Mill |
| 8:05 | Crear | Villager (Male) |
| 8:37 | Crear | Villager (Male) |
| 8:50 | Construir | Palisade Wall |
| 8:54 | Edad | Edad Feudal |
| 8:55 | Construir | Archery Range |
| 8:57 | Investigar | Double-Bit Axe |
| 8:58 | Crear | Spearman |
| 9:03 | Crear | Villager (Male) |
| 9:30 | Construir | House |
| 9:38 | Construir | House |
| 9:41 | Construir | Palisade Wall |
| 9:43 | Crear | Archer |
| 9:43 | Crear | Archer |
| 9:45 | Crear | Villager (Male) |
| 10:08 | Construir | House |
| 10:12 | Construir | Mining Camp |
| 10:23 | Construir | Palisade Wall |
| 10:31 | Crear | Archer |
| 10:32 | Crear | Villager (Male) |
| 10:54 | Crear | Villager (Male) |
| 10:55 | Crear | Villager (Male) |
| 11:12 | Construir | Farm |
| 11:14 | Construir | Farm |
| 11:14 | Crear | Villager (Male) |
| 11:28 | Investigar | Loom |
| 11:40 | Construir | Market |
| 12:16 | Crear | Villager (Male) |
| 12:26 | Construir | House |
| 12:50 | Construir | House |
| 12:50 | Crear | Villager (Male) |
| 13:22 | Investigar | Castle Age |
| 13:22 | Investigar | Castle Age |
| 13:34 | Construir | House |
| 13:37 | Construir | Palisade Wall |
| 13:43 | Construir | Palisade Wall |
| 14:19 | Investigar | Loom |
| 14:23 | Construir | House |
| 14:27 | Construir | Farm |
| 14:28 | Construir | Farm |
| 14:59 | Construir | Blacksmith |
| 15:12 | Construir | House |
| 15:15 | Construir | Farm |
| 16:02 | Edad | Edad de los Castillos |
| 16:11 | Construir | Monastery |
| 16:15 | Investigar | Bow Saw |
| 16:17 | Crear | Villager (Male) |
| 16:51 | Construir | Monastery |
| 16:51 | Crear | Villager (Male) |
| 16:52 | Crear | Villager (Male) |
| 17:04 | Crear | Monk |
| 17:08 | Investigar | Gold Mining |
| 17:18 | Crear | Villager (Male) |
| 17:29 | Investigar | Sanctity |
| 17:30 | Crear | Villager (Male) |
| 17:33 | Construir | Farm |
| 17:34 | Construir | Farm |
| 17:45 | Construir | Farm |
| 17:47 | Crear | Villager (Male) |
| 18:12 | Crear | Monk |
| 18:12 | Crear | Monk |
| 18:15 | Crear | Monk |
| 18:20 | Crear | Villager (Male) |
| 18:28 | Construir | House |
| 18:29 | Construir | House |
| 18:35 | Construir | House |
| 18:37 | Construir | House |
| 18:38 | Construir | House |
| 18:40 | Crear | Spearman |
| 18:45 | Crear | Villager (Male) |
| 18:56 | Construir | Town Center |
| 19:03 | Construir | Palisade Wall |
| 19:05 | Construir | House |
| 19:06 | Construir | House |
| 19:08 | Construir | Palisade Wall |
| 19:12 | Crear | Villager (Male) |
| 19:22 | Construir | House |
| 19:23 | Construir | House |
| 19:52 | Crear | Villager (Male) |
| 19:57 | Investigar | Redemption |
| 20:17 | Crear | Monk |
| 20:30 | Crear | Villager (Male) |
| 20:31 | Crear | Villager (Male) |
| 20:42 | Construir | Farm |
| 20:43 | Construir | Farm |
| 20:46 | Construir | Farm |
| 20:50 | Construir | Siege Workshop |
| 20:51 | Crear | Villager (Male) |
| 20:52 | Crear | Villager (Male) |
| 20:56 | Construir | Farm |
| 20:59 | Crear | Monk |
| 20:59 | Crear | Monk |
| 21:00 | Construir | Farm |
| 21:32 | Construir | Palisade Gate |
| 21:35 | Construir | Palisade Gate |
| 21:37 | Crear | Villager (Male) |
| 21:38 | Crear | Villager (Male) |
| 21:38 | Crear | Villager (Male) |
| 21:46 | Crear | Mangonel |
| 21:49 | Crear | Monk |
| 22:09 | Crear | Villager (Male) |
| 22:09 | Crear | Villager (Male) |
| 22:15 | Construir | House |
| 22:20 | Crear | Villager (Male) |
| 22:20 | Crear | Villager (Male) |
| 22:52 | Construir | Town Center |
| 22:53 | Crear | Villager (Male) |
| 22:53 | Crear | Villager (Male) |
| 22:55 | Construir | Lumber Camp |
| 23:00 | Crear | Villager (Male) |
| 23:00 | Crear | Villager (Male) |
| 23:09 | Crear | Battering Ram |
| 23:11 | Crear | Villager (Male) |
| 23:11 | Crear | Villager (Male) |
| 23:13 | Construir | Farm |
| 23:14 | Construir | Farm |
| 23:30 | Crear | Spearman |
| 23:38 | Crear | Villager (Male) |
| 23:39 | Crear | Villager (Male) |
| 23:41 | Construir | Farm |
| 23:49 | Crear | Villager (Male) |
| 23:49 | Crear | Villager (Male) |
Cronología de la partida
| 4:39 | Ronin · wall_segment Palisade Wall x7 |
| 6:51 | Ronin · wall_segment Palisade Wall x12 |
| 7:03 | Ronin · wall_segment Palisade Wall x3 |
| 7:05 | Ronin · wall_segment Palisade Wall x8 |
| 7:18 | SneakySalmon · first_building Barracks |
| 7:29 | Ronin · wall_segment Palisade Wall x3 |
| 7:30 | Ronin · wall_segment Palisade Wall x2 |
| 7:32 | Ronin · wall_segment Palisade Wall x2 |
| 8:50 | SneakySalmon · wall_segment Palisade Wall x1 |
| 8:54 | SneakySalmon · age_up feudal |
| 8:55 | SneakySalmon · first_building Archery Range |
| 9:30 | Ronin · first_building Barracks |
| 9:41 | SneakySalmon · wall_segment Palisade Wall x1 |
| 10:23 | SneakySalmon · wall_segment Palisade Wall x1 |
| 11:21 | Ronin · age_up feudal |
| 12:52 | SneakySalmon · first_market_sell 100 stone |
| 12:55 | SneakySalmon · first_market_buy 100 food |
| 13:37 | SneakySalmon · wall_segment Palisade Wall x6 |
| 13:43 | SneakySalmon · wall_segment Palisade Wall x13 |
| 14:44 | Ronin · wall_segment Palisade Wall x1 |
| 16:02 | SneakySalmon · age_up castle |
| 16:11 | SneakySalmon · first_building Monastery |
| 16:31 | Ronin · age_up castle |
| 16:38 | Ronin · first_market_buy 100 stone |
| 17:25 | Ronin · first_building Siege Workshop |
| 19:03 | SneakySalmon · wall_segment Palisade Wall x1 |
| 19:08 | SneakySalmon · wall_segment Palisade Wall x1 |
| 20:30 | Ronin · wall_segment Palisade Wall x3 |
| 20:33 | Ronin · wall_segment Palisade Wall x1 |
| 20:33 | Ronin · wall_segment Palisade Wall x1 |
| 20:50 | SneakySalmon · first_building Siege Workshop |
| 25:09 | Ronin · first_building Castle |
| 26:47 | Ronin · first_market_sell 100 wood |
| 27:05 | Ronin · first_building Stable |
| 28:16 | Ronin · first_building Monastery |
| 29:13 | SneakySalmon · first_building Castle |
| 30:04 | Ronin · age_up imperial |
| 34:03 | SneakySalmon · wall_segment Stone Wall x3 |
| 34:05 | SneakySalmon · wall_segment Stone Wall x3 |
| 34:08 | SneakySalmon · wall_segment Stone Wall x6 |
| 34:10 | SneakySalmon · wall_segment Stone Wall x2 |
| 34:15 | SneakySalmon · wall_segment Stone Wall x3 |
| 34:17 | SneakySalmon · age_up imperial |
| 34:25 | Ronin · wall_segment Stone Wall x4 |
| 34:39 | Ronin · first_building Archery Range |
| 41:19 | SneakySalmon · resign |
[ ANÁLISIS IA · 1 CRÉDITO ]
¿Qué pasó realmente en esta partida?
Wolo.gg analiza cada decisión: build order, eco, micro, errores típicos por bracket. Análisis personalizado por WhatsApp o Discord en 30 segundos.
Guía civ
Indostaníes
Perfil
Ronin